cohdb
Replays
Latest Replays
All Replays
Popular Replays
Top Player Replays
Match Explorer
How It Works
Community
CoH3 Stats
Reddit
Sign in to upload your games and track your stats! →
Sign in with Steam
Match 43651895
Unlisted
Match 43651895
Overview
Messages
Build Orders
End
Construct Barracks
Riflemen Squad
Selects Armored Battlegroup
Selects Assault Engineers
Riflemen Squad
Assault Engineer Squad
Riflemen Squad
Construct Medical Station
Infantry Support Center
M1918 Browning Automatic Rifles
Selects Fast Deploy
Assault Engineer Squad
Survival Training
Advanced Logistics
Selects M8 Scott SPG
M8 Scott SPG
M8 Scott SPG
0rozco
文化 - Bunka
Z-Teck the Stampede
nobody
hogarthw
gihof NAFO
0
0
Comments
sign in to comment!
No comments posted yet!